 Dungeon Crawl Stone Soup version 0.31.0-32-g396128a36d (webtiles) character file.

Game seed: 4692580721310679687

25 nshep25 the Changeling (level 2, 0/21 HPs)
             Began as a Demonspawn Shapeshifter on Mar 8, 2024.
             Slain by a jackal (3 damage)
             ... on level 1 of the Dungeon.
             The game lasted 00:00:58 (399 turns).

nshep25 the Changeling (Demonspawn Shapeshifter)     Turns: 399, Time: 00:00:59

Health: 0/21       AC:  2    Str: 14    XL:     2   Next: 82%
Magic:  2/2        EV: 12    Int: 10    God:
Gold:   36         SH:  0    Dex: 12    Spells: 1/1 levels left

rFire   . .          .
                       - Unarmed
rCold   . . .        (no shield)
rNeg    . . .        a - +0 animal skin
rPois   .            (helmet currently unavailable)
rElec   .            (cloak currently unavailable)
rCorr   .            (gloves currently unavailable)
SInv    .            (boots currently unavailable)
Will    .....        (no amulet)
Stlth   +            (no ring)
HPRegen 0.23/turn    (no ring)
MPRegen 0.08/turn

%: no passive effects
@: beast-form
A: beast (slay +1), antennae 1
a: Begin Untransformation


You were on level 1 of the Dungeon.
You were a hulking beast.
You visited 1 branch of the dungeon, and saw 1 of its levels.

You collected 36 gold pieces.

Inventory:

Armour
 a - a +0 animal skin (worn)
 e - a +0 pair of gloves
 j - a +2 cloak
Talismans
 c - a beast talisman
 d - a flux talisman
Potions
 b - a potion of lignification
 f - a potion of resistance {unknown}
 g - 2 potions of haste {unknown}
 h - a potion of mutation {unknown}
 i - a potion of heal wounds {unknown}


   Skills:
 + Level 1.1 Fighting
 + Level 1.9 Dodging
 + Level 2.8 Unarmed Combat
 * Level 3.3 Shapeshifting


You had one spell level left.
You didn't know any spells.
Your spell library was empty.

Dungeon Overview and Level Annotations

Branches:
Dungeon (1/15)

Altars:


Innate Abilities, Weirdness & Mutations

You are a hulking beast.
Your limbs bulge with bestial killing power. (Slay +1)
You have a pair of small antennae on your head.


Message History

The jackal bites you but does no damage.
The jackal closely misses you.
You punch the jackal!
You kill the jackal!
The jackal misses you. The jackal barely misses you. x2
The jackal closely misses you.
You barely miss the hobgoblin. The jackal completely misses you.
The jackal bites you.
You barely miss the hobgoblin. The hobgoblin hits you.
The jackal closely misses you. The jackal completely misses you.
You are too injured to fight recklessly!
You are too injured to fight recklessly!
You are too injured to fight recklessly!
You are too injured to fight recklessly!
You are too injured to fight recklessly!
The jackal attacks as it pursues you!
The jackal bites you but does no damage.
The jackal attacks as it pursues you! The jackal closely misses you.
The hobgoblin attacks as it pursues you!
The hobgoblin hits you.
* * * LOW HITPOINT WARNING * * *
The jackal bites you but does no damage.
The jackal bites you.
* * * LOW HITPOINT WARNING * * *
Unknown command.
The hobgoblin attacks as it pursues you!
The hobgoblin closely misses you.
The jackal bites you but does no damage.
The hobgoblin attacks as it pursues you!
The hobgoblin barely misses you.
You hit the hobgoblin.
The hobgoblin is almost dead.
The hobgoblin barely misses you.
You hit the hobgoblin.
You kill the hobgoblin!
You barely miss the jackal. The jackal barely misses you.
You closely miss the jackal. The jackal bites you.
* * * LOW HITPOINT WARNING * * *
The jackal misses you. The jackal bites you.
You die...

#..........###..
#######...............
##...#.).).............
##.................##.##
#...........##.)#####.#
#.....................##
#...........###.#.......
##.........## #.#.#####.
##...hh..#.. .. . #..
#####h###..[ .. #.#
#.....##.... . #.#
#......#####.######..
#............#.......
#....................
#............#####.#.
####.†........ #.##
###........ .##...


You could see 2 jackals.

Vanquished Creatures
  An endoplasm (D:1)
  2 giant cockroaches (D:1)
  3 goblins (D:1)
  4 hobgoblins (D:1)
  A jackal (D:1)
  A kobold (D:1)
  2 quokkas (D:1)
  2 ball pythons (D:1)
  2 bats (D:1)
  2 rats (D:1)
20 creatures vanquished.

Notes
Turn   | Place    | Note
-------+----------+-------------------------------------------
     0 | D:1      | nshep25 the Demonspawn Shapeshifter began the quest for the
                  | Orb.
     0 | D:1      | Reached XP level 1. HP: 15/15 MP: 1/1
    79 | D:1      | Reached skill level 3 in Shapeshifting
   115 | D:1      | Gained mutation: You have a pair of small antennae on your
                  | head. [demonic ancestry]
   115 | D:1      | Reached XP level 2. HP: 19/21 MP: 2/2
   399 | D:1      | Slain by a jackal

Illustrated notes

Levels and vault maps discovered:
D:1:      tarquinn_simple_flora_water_a, layout_rooms

Skill      XL: |  1 |
---------------+----+-----
Shapeshifting  | 3 |  3.3
Fighting       | |  1.1
Dodging        | |  1.9
Unarmed Combat | |  2.8

Action                     || total
---------------------------++-------
  Melee: Unarmed           ||    67
 Armour: Animal skin       ||    48
  Dodge: Dodged            ||    60
